 Dungeon Crawl Stone Soup version 0.29.1-1-gd02db6906a (webtiles) character file.

Game seed: 7044321377688096801

172 raistware the Conjurer (level 5, -3/31 HPs)
             Began as an Octopode Conjurer on Sept 23, 2022.
             Slain by an iguana (7 damage)
             ... on level 4 of the Dungeon.
             The game lasted 00:04:59 (3109 turns).

raistware the Conjurer (Octopode Conjurer)          Turns: 3109, Time: 00:05:00

Health: -3/31      AC:  1    Str:  7    XL:     5   Next: 53%
Magic:  7/11       EV: 13    Int: 22    God:
Gold:   163        SH:  0    Dex: 10    Spells: 4/12 levels left

rFire   . . .      SeeInvis .   e - +2 short sword (venom)
rCold   . . .      Faith    .   (no shield)
rNeg    + . .      Spirit   .   (helmet restricted)
rPois   .          Reflect  .   a - amulet of regeneration
rElec   .          Harm     .   b - ring of positive energy
rCorr   .          Rampage  .   (no ring)
Will    .....                   (no ring)
Stlth   +++.......              (no ring)
HPRegen 0.90/turn               (no ring)
MPRegen 0.12/turn               (no ring)
                                (no ring)
                                (no ring)

@: no status effects
A: almost no armour, amphibious, 8 rings, camouflage 1, gelatinous body 1,
(nimble swimmer 1), tentacles
a: no special abilities


You were on level 4 of the Dungeon.
You visited 1 branch of the dungeon, and saw 4 of its levels.

You collected 163 gold pieces.

Inventory:

Hand Weapons
 e - a +2 short sword of venom (weapon)
Missiles
 h - 6 poisoned darts
Jewellery
 a - an amulet of regeneration (around mantle)
 b - a ring of positive energy (left tentacle)
Scrolls
 d - a scroll of vulnerability {unknown}
 f - a scroll of poison {unknown}
 g - 2 scrolls of identify {unknown}
 k - a scroll of teleportation {unknown}
 m - a scroll of blinking {unknown}
 n - a scroll of enchant weapon {unknown}
 p - 2 scrolls of enchant armour {unknown}
Potions
 c - 2 potions of haste {unknown}
 i - a potion of resistance {unknown}
 j - 4 potions of curing {unknown}
 l - 2 potions of lignification {unknown}
 o - 4 potions of might {unknown}
 q - a potion of berserk rage {unknown}
 r - 2 potions of brilliance {unknown}
 s - 2 potions of ambrosia {unknown}
 t - a potion of attraction {unknown}
 u - a potion of flight {unknown}


   Skills:
 - Level 2.0 Dodging
 - Level 2.6 Stealth
 - Level 4.0 Spellcasting
 - Level 4.0 Conjurations
 + Level 3.0 Translocations
 + Level 1.2 Poison Magic


You had 4 spell levels left.
You knew the following spells:

 Your Spells              Type           Power      Damage    Failure   Level
a - Magic Dart            Conj           88%        1d7       2%          1
b - Iskenderun's Mystic   Conj/Tloc      19%        2d6       26%         4
c - Mephitic Cloud        Conj/Pois/Air  12%        N/A       16%         3

Your spell library contained the following spells:

 Spells                   Type           Power      Damage    Failure   Level
 Searing Ray              Conj           44%        2d6       3%          2
 Dazzling Flash           Conj/Hex       26%        N/A       14%         3
 Call Imp                 Summ           4%         N/A       17%         2
 Fulminant Prism          Conj/Hex       6%         3d7       43%         4


Dungeon Overview and Level Annotations

Branches:
Dungeon (4/15)
 Temple: D:4-7

Altars:


Innate Abilities, Weirdness & Mutations

You cannot wear most types of armour.
You are amphibious.
You can wear up to eight rings at the same time.
Your skin changes colour to match your surroundings (Stealth+).
Your rubbery body absorbs attacks. (AC +1, EV +1)
((You are camouflaged when in or above water. (Stealth+)))
You have tentacles for arms and can constrict up to eight enemies at once.


Message History

The magic dart hits the orc but does no damage.
Casting: Magic Dart (safe; 2% risk of failure)
Confirm with . or Enter, or press ? or * to list all spells.
Aiming: Magic Dart (safe; 2% risk of failure)
Press: ? - help, Shift-Dir - straight line, f/p - orc
Aim: an orc, wielding a +0 dagger of speed and wearing a +0 leather armour (100% to hit)
The magic dart hits the orc but does no damage.
You hit the orc but do no damage.
The orc is poisoned.
Your grab misses the orc. The orc hits you but does no damage.
The orc barely misses you.
You closely miss the orc. You grab the orc.
The orc is moderately wounded.
You constrict the orc. The orc closely misses you.
Casting: Magic Dart (safe; 2% risk of failure)
Confirm with . or Enter, or press ? or * to list all spells.
The spell is extremely dangerous to miscast (26% risk of failure)!
Continue anyway?
Okay, then.
You hit the orc.
The orc looks as sick as possible!
The orc is severely wounded.
You constrict the orc, but do no damage.
You kill the orc!
You closely miss the iguana. You grab the iguana.
You constrict the iguana, but do no damage.
The iguana bites you. The iguana closely misses you.
You hit the iguana but do no damage.
You squeeze the iguana, but do no damage.
You constrict the iguana, but do no damage.
The iguana bites you!
You hit the iguana.
The iguana is lightly wounded.
You constrict the iguana, but do no damage.
The iguana misses you.
You hit the iguana.
The iguana is poisoned.
The iguana is lightly wounded.
You constrict the iguana. The iguana bites you.
You release your grip on the iguana.
The iguana attacks as you move away! The iguana bites you!
* * * LOW HITPOINT WARNING * * *
The iguana attacks as you move away! The iguana bites you!
You die...

#........#.# #.###........#
#..........#####.###........##
#..>....†.....................
######.#.##......###..).....##
#...##.###### #........#
###..#.# #(.......# #....#
########## ##.### ##########
#.# #.@....... #.## #l#######.
#..####)### ##........#####.#
######.........# ##.#.##.##.
#.#.# #.#.# #....


You could see an iguana (very poisoned).

Vanquished Creatures
  A hound (D:4)
  2 orc wizards (D:3)
  An adder (D:3)
  A worm (D:3)
  3 dart slugs
  5 orcs
  3 endoplasms
  4 giant cockroaches
  7 goblins
  8 hobgoblins
  8 jackals (D:1)
  4 kobolds
  3 quokkas
  4 ball pythons
  4 bats
  3 frilled lizards
  5 rats
66 creatures vanquished.

Notes
Turn   | Place    | Note
-------+----------+-------------------------------------------
     0 | D:1      | raistware the Octopode Conjurer began the quest for the
                  | Orb.
     0 | D:1      | Reached XP level 1. HP: 11/11 MP: 3/3
   246 | D:1      | Reached XP level 2. HP: 17/17 MP: 0/5
   754 | D:1      | Reached XP level 3. HP: 17/21 MP: 7/7
   871 | D:1      | Found a faded altar of an unknown god.
  2096 | D:3      | Reached XP level 4. HP: 27/27 MP: 7/9
  2101 | D:3      | Learned a level 4 spell: Iskenderun's Mystic Blast
  2181 | D:3      | Reached skill level 1 in Translocations
  2439 | D:3      | Reached XP level 5. HP: 31/31 MP: 8/11
  2693 | D:3      | Learned a level 3 spell: Mephitic Cloud
  3096 | D:4      | Reached skill level 1 in Poison Magic
  3109 | D:4      | Slain by an iguana

Illustrated notes

Levels and vault maps discovered:
D:1:      spicycebolla_arrival_transporter_tutorial, layout_basic,
          dreamdust_ecumenical_altar_statues
D:2:      layout_rooms, st_stairs_11, nicolae_titane
D:3:      layout_rooms, minmay_strange_pillars
D:4:      layout_basic, portal_sewer_entry_e

Skill      XL: |  1  2  3  4  5 |
---------------+----------------+-----
Spellcasting   | 3 4 |  4.0
Translocations | 2 3 |  3.0
Poison Magic   | 1 |  1.2
Dodging        | |  2.0
Stealth        | |  2.6
Conjurations   | |  4.0

Action                   |  1- 3 |  4- 6 || total
-------------------------+-------+-------++-------
Melee: Unarmed           |    13 |       ||    13
       Constrict         |    11 |     8 ||    19
       Tentacles         |     7 |     5 ||    12
       Short sword       |    24 |    21 ||    45
       Punch             |     1 |       ||     1
 Cast: Magic Dart        |    58 |    48 ||   106
       Iskenderun's Myst |       |     1 ||     1
  Use: Potion            |       |     1 ||     1
 Stab: Sleeping          |     6 |       ||     6
Armor: Skin              |     5 |     1 ||     6
Dodge: Dodged            |    30 |    12 ||    42
